 Dungeon Crawl Stone Soup version 0.30-a0-347-gf58ed5266c (webtiles) character file.

Game seed: 6657507458235195243

1143 purpskrrrp the Chopper (level 8, 0/62 HPs)
             Began as a Demonspawn Fighter on Nov 5, 2022.
             Slain by Duvessa
             ... wielding a +0 short sword
              (11 damage)
             ... on level 4 of the Dungeon.
             The game lasted 00:13:41 (5745 turns).

purpskrrrp the Chopper (Demonspawn Fighter)         Turns: 5745, Time: 00:13:41

Health: 0/62       AC: 10    Str: 18    XL:     8   Next: 15%
Magic:  8/8        EV: 24    Int: 10    God:
Gold:   297        SH:  4    Dex: 13    Spells: 7/7 levels left

rFire   . . .      SeeInvis .    a - +0 war axe
rCold   . . .      Faith    .    (no shield)
rNeg    . . .      Spirit   .    b - +0 scale mail
rPois   .          Reflect  .    (no helmet)
rElec   .          Harm     .    (no cloak)
rCorr   .          Rampage  .    (no gloves)
Will    .....                    (no boots)
Stlth   ..........               e - amulet of the acrobat
HPRegen 0.30/turn                (no ring)
MPRegen 0.11/turn                (no ring)

@: acrobatic
A: claws 2, molten scales 2, foul stench 1, powered by death 2, large bone
plates 1
a: no special abilities


You were on level 4 of the Dungeon.
You visited 1 branch of the dungeon, and saw 6 of its levels.

You collected 297 gold pieces.

Inventory:

Hand Weapons
 a - a +0 war axe (weapon)
Armour
 b - a +0 scale mail (worn)
 c - a +0 buckler
Jewellery
 e - an amulet of the acrobat (around neck)
Wands
 d - a wand of roots (3)
 k - a wand of paralysis (3)
Scrolls
 g - a scroll of immolation
 o - a scroll of enchant armour
Potions
 f - a potion of magic
 h - a potion of attraction
 m - a potion of degeneration
 n - a potion of mutation


   Skills:
 + Level 5.2 Fighting
 * Level 5.8 Axes
 + Level 4.7 Armour
 - Level 3.0 Shields
 + Level 3.3 Unarmed Combat


You had 7 spell levels left.
You didn't know any spells.
Your spell library contained the following spells:

 Spells                   Type           Power      Damage    Failure   Level
 Apportation              Tloc           0%         N/A       75%         1
 Magic Dart               Conj           0%         1d3       75%         1
 Sting                    Tmut/Pois      0%         1d3       75%         1
 Call Imp                 Summ           0%         N/A       86%         2
 Mephitic Cloud           Conj/Pois/Air  0%         N/A       98%         3
 Iskenderun's Mystic Bla  Conj/Tloc      0%         2d3       100%        4
 Blade Hands              Tmut           0%         N/A       100%        5
 Necromutation            Tmut/Necr      0%         N/A       100%        8


Dungeon Overview and Level Annotations

Branches:
Dungeon (6/15)
 Temple: D:4-7

Altars:
Ashenzari
Hepliaklqana
Nemelex Xobeh
Uskayaw

Annotations:
D:4 Duvessa


Innate Abilities, Weirdness & Mutations

You have very sharp fingernails.
You are mostly covered in molten scales. (AC +3)
You may rarely emit foul miasma when damaged in melee.
You regenerate health from kills.
You are partially covered in large bone plates. (SH +4)


Message History

Really quaff the potion of mutation?
You feel extremely strange.
Large bone plates grow over parts of your arms.
You climb downwards.
Level annotation: Duvessa Duvessa hits you but does no damage.
You block Duvessa's attack.
There is a stone staircase leading up here.
You hit Duvessa.
Duvessa is lightly wounded.
You block Duvessa's attack. Duvessa hits you with a +0 short sword!
You closely miss Duvessa.
Duvessa is lightly wounded.
Duvessa hits you with a +0 short sword! You block Duvessa's attack.
You slash Duvessa!
Duvessa is lightly wounded.
Duvessa hits you with a +0 short sword. x2
You hit Duvessa but do no damage.
Duvessa is lightly wounded.
Duvessa hits you with a +0 short sword!
You are too injured to fight recklessly!
You block Duvessa's attack. Duvessa hits you with a +0 short sword.
* * * LOW HITPOINT WARNING * * *
You climb upwards.
There is a stone staircase leading down here.
You see here a +0 flail.
Duvessa completely misses you.
Okay, then.
As you read the scroll of teleportation, it crumbles to dust.
You feel strangely unstable. Duvessa hits you with a +0 short sword!
* * * LOW HITPOINT WARNING * * *
Duvessa completely misses you.
Duvessa rages.
Your surroundings flicker for a moment.
Duvessa completely misses you. Duvessa attacks as you move away!
Duvessa completely misses you. Duvessa completely misses you.
Okay, then.
You block Duvessa's attack. You block Duvessa's attack.
Duvessa attacks as you move away! Duvessa hits you with a +0 short sword!
You die...

#.#.#.###.#.......#.>#
..#.#...#...........)#
###.###.#.#....#.....#
..................#..#
#.#.###)###.#..#..#..#
..#......##.#.....#..#
.##..######.##....#..#
.##..#
#.#.....#..######
.##..#
#.####@.#.......#
.....#
#......e#..####.#
....##
######........#.#
##### #####.#.##.#
#.#.##.# ##########
#.#.##.# .........#
#.#.##.# .#######.#
#.#....# .# #.#
#.######


You could see Duvessa (berserk).

Vanquished Creatures
  Menkaure (D:5)
  A water moccasin (D:5)
  A black bear (D:5)
  An ogre (D:5)
  A centaur (D:5)
  4 scorpions
  A necrophage (D:5)
  Dowan (D:5)
  A hound (D:5)
  Ijyb (D:5)
  2 iguanas
  3 gnolls
  6 adders
  3 worms
  7 dart slugs
  12 orcs
  5 ball pythons
  6 endoplasms
  7 giant cockroaches
  8 goblins
  7 hobgoblins
  A quokka (D:3)
  7 bats
  A frilled lizard (D:1)
  7 kobolds
  6 rats
101 creatures vanquished.

Vanquished Creatures (others)
  A plant (D:2)
1 creature vanquished.

Grand Total: 102 creatures vanquished

Notes
Turn   | Place    | Note
-------+----------+-------------------------------------------
     0 | D:1      | purpskrrrp the Demonspawn Fighter began the quest for the
                  | Orb.
     0 | D:1      | Reached XP level 1. HP: 18/18 MP: 1/1
   282 | D:1      | Gained mutation: You have sharp fingernails. [demonic
                  | ancestry]
   282 | D:1      | Reached XP level 2. HP: 24/24 MP: 2/2
   327 | D:1      | You fall into a shaft and drop 1 floor!
   617 | D:2      | Gained mutation: You regenerate a little health from kills.
                  | [demonic ancestry]
   617 | D:2      | Reached XP level 3. HP: 29/29 MP: 3/3
  1967 | D:3      | Gained mutation: You are partially covered in molten
                  | scales. (AC +2) [demonic ancestry]
  1967 | D:3      | Reached XP level 4. HP: 25/35 MP: 4/4
  2656 | D:3      | Got the Lessons on the Excursion and Transformation
  2778 | D:4      | Found a broken altar of Ashenzari.
  2801 | D:4      | Noticed a scorpion
  2809 | D:4      | Killed a scorpion
  2810 | D:4      | Reached skill level 1 in Unarmed Combat
  2810 | D:4      | Gained mutation: You may rarely emit foul miasma when
                  | damaged in melee. [demonic ancestry]
  2810 | D:4      | Reached XP level 5. HP: 21/42 MP: 5/5
  2985 | D:4      | Found a sparkling altar of Nemelex Xobeh.
  3158 | D:4      | Gained mutation: You are mostly covered in molten scales.
                  | (AC +3) [demonic ancestry]
  3158 | D:4      | Reached XP level 6. HP: 40/48 MP: 6/6
  3493 | D:4      | Found a hide-covered altar of Uskayaw.
  3921 | D:5      | Entered Level 5 of the Dungeon
  4357 | D:5      | Gained mutation: You have very sharp fingernails. [demonic
                  | ancestry]
  4357 | D:5      | Reached XP level 7. HP: 51/55 MP: 7/7
  4431 | D:5      | Noticed Ijyb
  4440 | D:5      | Killed Ijyb
  4731 | D:5      | Found a hazy altar of Hepliaklqana.
  4800 | D:5      | Reached skill level 5 in Axes
  4949 | D:5      | Noticed Menkaure
  4959 | D:5      | Killed Menkaure
  5047 | D:5      | Reached skill level 5 in Fighting
  5047 | D:5      | Gained mutation: You regenerate health from kills. [demonic
                  | ancestry]
  5047 | D:5      | Reached XP level 8. HP: 33/62 MP: 8/8
  5490 | D:6      | Noticed Dowan
  5495 | D:6      | Noticed Duvessa
  5502 | D:5      | Killed Dowan
  5723 | D:4      | Gained mutation: You are partially covered in large bone
                  | plates. (SH +4) [potion of mutation]
  5745 | D:4      | Slain by Duvessa

Illustrated notes

Levels and vault maps discovered:
D:1:      eino_arrival_druids_welcome, layout_loops_corners
D:2:      layout_basic, minmay_misc_feat_tiny, chequers_big_river
D:3:      layout_basic, chequers_avenue, corexii_leaking_fountain,
          minmay_fountain_box
D:4:      layout_basic, amcnicky_altar_gilded,
          mainiacjoe_overflow_small_starburst,
          mainiacjoe_overflow_large_starburst
D:5:      layout_basic, kennysheep_mini_moat, uniq_ijyb, uniq_menkaure
D:6:      layout_loops_corners, biasface_ghost_orc_armoury, st_stairs_4,
          uniq_duvessa, uniq_blork_the_orc, uniq_pikel

Skill      XL: |  1  2  3  4  5  6  7 |
---------------+----------------------+-----
Axes           | 2 3 4 5 |  5.8
Shields        | 3 |  3.0
Armour         | 3 4 |  4.7
Unarmed Combat | 1 2 3 |  3.3
Fighting       | 4 5 |  5.2

Action                   |  1- 3 |  4- 6 |  7- 9 || total
-------------------------+-------+-------+-------++-------
Melee: War axe           |   126 |   172 |    94 ||   392
       Punch             |       |     3 |     1 ||     4
  Use: Scroll            |     5 |     4 |     4 ||    13
       Potion            |       |     3 |     3 ||     6
 Stab: Invisible         |       |     1 |       ||     1
Armor: Scale mail        |    75 |    95 |    53 ||   223
Dodge: Dodged            |    67 |   100 |    80 ||   247
Block: Buckler           |    29 |       |       ||    29
       Other             |       |       |     6 ||     6

Table legend: (Time is in decaauts)
 A = Elapsed time spent in this place.
 B = Non-inter-level travel time spent in this place.
 C = Inter-level travel time spent in this place.
 D = Time resting spent in this place.
 E = Time spent auto-exploring this place.
 F = Levels seen in this place.
 G = Mean time per level.
                   A        B        C        D        E       F      G
               +--------+--------+--------+--------+--------+-----+--------+
         Total |   5893 |   5631 |    262 |    685 |   3878 |   6 |  982.2 |
       Dungeon |   5893 |   5631 |    262 |    685 |   3878 |   6 |  982.2 |
               +--------+--------+--------+--------+--------+-----+--------+

Top non-repeatable levels by time:
     D:4: 1606 daAuts
     D:5: 1424 daAuts
     D:2: 1098 daAuts
     D:1: 885 daAuts
     D:3: 869 daAuts
     D:6: 9 daAuts
